 Dungeon Crawl Stone Soup version 0.27-a0-1456-gf5a116941d (webtiles) character file.

Game seed: 10467259048479724350

384 unlimited1921 the Firebug (level 6, -7/46 HPs)
             Began as a Demigod Fire Elementalist on July 7, 2021.
             Killed by divine providence
             ... invoked by an orc priest
              (13 damage)
             ... on level 6 of the Dungeon.
             The game lasted 00:36:57 (4702 turns).

unlimited1921 the Firebug (DgFE)                    Turns: 4702, Time: 00:36:58

Health: -7/46      AC:  2    Str: 13    XL:     6   Next: 23%
Magic:  0/13       EV: 12    Int: 27    God:
Gold:   196        SH:  0    Dex: 14    Spells: 10/11 levels left

rFire    . . .     SeeInvis .   n - +1 short sword (speed)
rCold    . . .     Faith    .   (no shield)
rNeg     . . .     Spirit   +   a - +0 robe
rPois    .         Reflect  .   (no helmet)
rElec    .         Harm     .   (no cloak)
rCorr    .         Rampage  .   (no gloves)
Will     .....                  (no boots)
Stlth    ++........             B - amulet of guardian spirit
HPRegen  0.15/turn              b - +4 ring of slaying
MPRegen  0.13/turn              C - +6 ring of intelligence

@: no status effects
A: high mp 1, forlorn
a: no special abilities


You were on level 6 of the Dungeon.
You visited 1 branch of the dungeon, and saw 4 of its levels.

You collected 196 gold pieces.

Inventory:

Hand Weapons
 c - a +0 dagger
 n - a +1 short sword of speed (weapon)
 s - a +0 shortbow
Missiles
 e - 73 bolts
 g - 21 sling bullets
 j - 124 stones
 p - 40 poisoned darts
 A - 17 arrows
Armour
 a - a +0 robe (worn)
Magical Staves
 l - a staff of earth
Jewellery
 b - a +4 ring of slaying (left hand)
 q - a ring of protection from cold
 z - a ring of flight
 B - an amulet of guardian spirit (around neck)
 C - a +6 ring of intelligence (right hand)
Wands
 y - a wand of flame (14) (quivered)
Scrolls
 f - a scroll of teleportation {unknown}
 o - a scroll of enchant weapon {unknown}
 r - a scroll of vulnerability {unknown}
 t - a scroll of fear {unknown}
 v - 2 scrolls of identify {unknown}
 x - a scroll of noise {unknown}
Potions
 d - a potion of berserk rage {unknown}
 h - a potion of curing {unknown}
 i - 2 potions of cancellation {unknown}
 k - 2 potions of heal wounds {unknown}
 m - a potion of flight {unknown}
 u - a potion of might {unknown}
 w - a potion of invisibility {unknown}


   Skills:
 + Level 0.6 Fighting
 + Level 1.3 Short Blades
 + Level 2.2 Dodging
 + Level 2.7 Stealth
 + Level 3.2 Spellcasting
 + Level 2.6 Conjurations
 + Level 4.3 Fire Magic


You had 10 spell levels left.
You knew the following spells:

 Your Spells              Type           Power      Damage    Failure   Level
a - Foxfire               Conj/Fire      88%        2x1d8     1%          1

Your spell library contained the following spells:

 Spells                   Type           Power      Damage    Failure   Level
 Conjure Flame            Conj/Fire      22%        6-21      6%          3
 Inner Flame              Hex/Fire       15%        N/A       11%         3
 Sticky Flame             Conj/Fire      22%        2d4       21%         4
 Fireball                 Conj/Fire      11%        3d7       50%         5


Dungeon Overview and Level Annotations

Branches:
Dungeon (6/15)             Temple (0/1) D:6

Shops:
D:6 (


Innate Abilities, Weirdness & Mutations

Your attributes grow dramatically as you level up.
You have an increased reservoir of magic. (+10% MP)
You shall have no god before yourself.


Message History

You hit the orc priest.
The orc priest is moderately wounded.
The orc priest invokes the aid of Beogh against you.
Pain shoots through your body! The orc priest barely misses you.
The orc priest invokes the aid of Beogh against you.
Pain shoots through your body!
You puncture the orc priest!
The orc priest is almost dead.
You closely miss the orc priest.
The orc priest is almost dead.
The orc priest hits you with a +0 war axe!
The orc priest hits you with a +0 flail!
* * * LOW HITPOINT WARNING * * *
You are too injured to fight recklessly!
You are too injured to fight recklessly!
The orc priest calls down the wrath of Beogh upon you.
Beogh smites you!
* * * LOW HITPOINT WARNING * * *
Casting: Foxfire (safe; 2% risk of failure)
Confirm with . or Enter, or press ? or * to list all spells.
You conjure some foxfire!
The foxfire hits the orc priest!
You kill the orc priest!
Casting: Foxfire (safe; 1% risk of failure)
Confirm with . or Enter, or press ? or * to list all spells.
You conjure some foxfire!
Your foxfire dissipates!
Your foxfire dissipates!
The foxfire hits the orc priest.
The orc priest is moderately wounded.
The orc priest miscasts a cantrip.
The orc priest mumbles some strange prayers to Beogh against you.
Pain shoots through your body!
* * * LOW HITPOINT WARNING * * *
Casting: Foxfire (safe; 1% risk of failure)
Confirm with . or Enter, or press ? or * to list all spells.
You conjure some foxfire!
The orc priest invokes the aid of Beogh against you.
Beogh smites you!
You die...

###########.#
#.#####....#
########.####.#
#..8..
#.............#
#....#
#ยง######.#######
#.....
#...)..........#
#..##.
###.##.........#
#... #
#o##.........# #.#.
#.##.v.......#
#.##.
####.##.@.......#
#.
#....o.v.....[....
..
####.##.........###
#####.#........###
.......)..........
...............##.
...............#
........########
........#


You could see an orc priest (ally target).

Vanquished Creatures
  An ice beast (D:6)
  A howler monkey (D:6)
  A hound (D:6)
  An orc priest (D:6)
  A jelly (D:6)
  2 iguanas (D:6)
  An orc wizard (D:6)
  A killer bee zombie (D:6)
  2 adders
  A worm (D:2)
  3 bats (D:3)
  6 endoplasms
  3 giant cockroaches
  5 goblins
  A hobgoblin (D:1)
  4 jackals (D:2)
  7 kobolds
  2 quokkas (D:1)
  5 ball pythons
  A frilled lizard (D:1)
  3 rats
52 creatures vanquished.

Vanquished Creatures (others)
  180 foxfires
180 creatures vanquished.

Grand Total: 232 creatures vanquished

Notes
Turn   | Place    | Note
-------+----------+-------------------------------------------
     0 | D:1      | unlimited1921 the Demigod Fire Elementalist began the quest
                  | for the Orb.
     0 | D:1      | Reached XP level 1. HP: 14/14 MP: 5/5
   789 | D:1      | Reached skill level 3 in Fire Magic
  1593 | D:2      | Reached XP level 2. HP: 18/20 MP: 5/7
  2084 | D:2      | Reached skill level 1 in Conjurations
  2575 | D:2      | Reached XP level 3. HP: 25/26 MP: 5/8
  3565 | D:3      | You fall into a shaft and drop 3 floors!
  3687 | D:6      | Reached XP level 4. HP: 33/33 MP: 1/10
  3932 | D:6      | Reached skill level 1 in Short Blades
  3932 | D:6      | Reached skill level 4 in Fire Magic
  3932 | D:6      | Reached XP level 5. HP: 39/39 MP: 2/11
  4226 | D:6      | Found Koicari's Antique Weapon Shop.
  4254 | D:6      | Noticed an ice beast
  4265 | D:6      | Killed an ice beast
  4499 | D:6      | Noticed an ogre
  4577 | D:6      | Found a staircase to the Ecumenical Temple.
  4674 | D:6      | Reached XP level 6. HP: 46/46 MP: 6/13
  4702 | D:6      | Killed from afar by an orc priest

Illustrated notes

Levels and vault maps discovered:
D:1:      pf_arrival_petrified_forest, layout_loops_ring,
          shapermc_ecumenical_altar_starsandcircs
D:2:      kennysheep_six_static_rooms, layout_basic
D:3:      layout_loops_ring
D:6:      layout_basic, minmay_temple_entry_waves, serial_shops, shop_fountains

Skill      XL: |  1  2  3  4  5 |
---------------+----------------+-----
Spellcasting   | 2 3 |  3.2
Fire Magic     | 3 4 |  4.3
Conjurations   | 1 2 |  2.6
Stealth        | 2 |  2.7
Dodging        | 2 |  2.2
Short Blades   | 1 |  1.3
Fighting       | |  0.6

Action                   |  1- 3 |  4- 6 || total
-------------------------+-------+-------++-------
Melee: Short sword       |    30 |    13 ||    43
       Dagger            |     1 |       ||     1
 Cast: Foxfire           |    71 |    34 ||   105
 Stab: Sleeping          |     1 |       ||     1
Armor: Robe              |     6 |     1 ||     7
Dodge: Dodged            |    20 |     3 ||    23

Table legend: (Time is in decaauts)
 A = Elapsed time spent in this place.
 B = Non-inter-level travel time spent in this place.
 C = Inter-level travel time spent in this place.
 D = Time resting spent in this place.
 E = Time spent auto-exploring this place.
 F = Levels seen in this place.
 G = Mean time per level.
                   A        B        C        D        E       F      G
               +--------+--------+--------+--------+--------+-----+--------+
         Total |   4684 |   2803 |   1881 |   2432 |      0 |   4 | 1171.0 |
       Dungeon |   4684 |   2803 |   1881 |   2432 |      0 |   4 | 1171.0 |
               +--------+--------+--------+--------+--------+-----+--------+

Top non-repeatable levels by time:
     D:2: 1706 daAuts
     D:1: 1496 daAuts
     D:6: 1130 daAuts
     D:3: 351 daAuts
